 Dungeon Crawl Stone Soup version 0.27.1-16-g815e20cd7a (webtiles) character file.

Game seed: 6488961451216174353

2270 bearlyready the Covert (level 9, -3/51 (53) HPs)
             Began as an Octopode Venom Mage on Nov 23, 2021.
             Was an Initiate of Gozag.
             Slain by a wight (13 damage)
             ... on level 8 of the Dungeon.
             The game lasted 00:12:38 (7140 turns).

bearlyready the Covert (Octopode Venom Mage)        Turns: 7140, Time: 00:12:38

HP:   -3/51 (53)    AC:  1    Str:  7    XL:     9   Next: 38%
MP:   24/24         EV: 13    Int: 27    God:    Gozag
Gold: 288           SH:  0    Dex: 18    Spells: 6/16 levels left

rFire    . . .     SeeInvis .   i - +3 dagger (elec)
rCold    + . .     Faith    .   (no shield)
rNeg     . . .     Spirit   .   (helmet restricted)
rPois    +         Reflect  .   (no amulet)
rElec    .         Harm     .   k - ring of magical power
rCorr    .         Rampage  .   d - ring of protection from cold
Will     .....                  u - ring of wizardry
Stlth    +++++.....             B - +6 ring of dexterity
HPRegen  0.17/turn              x - ring of poison resistance
MPRegen  0.19/turn              C - +6 ring of intelligence
                                (no ring)
                                (no ring)

@: gold aura, lightly drained
A: almost no armour, amphibious, 8 rings, camouflage 1, gelatinous body 1,
(nimble swimmer 1), tentacles
a: Renounce Religion, Potion Petition, Call Merchant, Bribe Branch


You were on level 8 of the Dungeon.
You worshipped Gozag.
Gozag was aware of your devotion.
You visited 2 branches of the dungeon, and saw 9 of its levels.

You collected 366 gold pieces.
You paid 78 gold pieces to Gozag.

Inventory:

Hand Weapons
 i - a +3 dagger of electrocution (weapon)
 r - a +2 rapier of venom
Missiles
 h - 15 poisoned darts
 y - 6 datura-tipped darts
 z - 2 throwing nets
 D - a curare-tipped dart
 F - 7 boomerangs
Magical Staves
 A - a staff of air
Jewellery
 d - a ring of protection from cold (right tentacle)
 k - a ring of magical power (left tentacle)
 u - a ring of wizardry (on tentacle)
 x - a ring of poison resistance (on tentacle)
 B - a +6 ring of dexterity (on tentacle)
 C - a +6 ring of intelligence (on tentacle)
Wands
 n - a wand of charming (3)
 E - a wand of paralysis (1)
 J - a wand of iceblast (5)
Scrolls
 b - 11 scrolls of identify {unknown}
 e - a scroll of blinking {unknown}
 j - 2 scrolls of fog {unknown}
 l - 3 scrolls of immolation {unknown}
 o - a scroll of silence {unknown}
 p - 3 scrolls of teleportation {unknown}
 q - 2 scrolls of enchant armour {unknown}
 w - 2 scrolls of fear {unknown}
 G - a scroll of magic mapping {unknown}
 H - a scroll of amnesia {unknown}
 I - a scroll of brand weapon {unknown}
Potions
 a - 2 potions of invisibility {unknown}
 c - 2 potions of heal wounds {unknown}
 f - a potion of magic {unknown}
 g - 2 potions of curing
 m - 2 potions of berserk rage {unknown}
 s - a potion of cancellation {unknown}
 t - a potion of degeneration {unknown}
 v - a potion of flight {unknown}


   Skills:
 - Level 1.0 Fighting
 + Level 5.6 Short Blades
 - Level 2.1 Throwing
 - Level 2.0 Dodging
 + Level 9.2 Stealth
 - Level 4.0 Spellcasting
 - Level 2.0 Conjurations
 - Level 1.0 Transmutations
 - Level 2.0 Air Magic
 + Level 8.2 Poison Magic
 + Level 2.2 Evocations


You had 6 spell levels left.
You knew the following spells:

 Your Spells              Type           Power      Damage    Failure   Level
a - Sting                 Tmut/Pois      100%       1d8       1%          1
b - Poisonous Vapours     Pois/Air       66%        N/A       1%          2
c - Mephitic Cloud        Conj/Pois/Air  27%        N/A       1%          3
d - Olgreb's Toxic Radia  Pois           49%        N/A       1%          4

Your spell library contained the following spells:

 Spells                   Type           Power      Damage    Failure   Level
 Ignite Poison            Fire/Tmut/Pois 22%        N/A       2%          3
 Corpse Rot               Necr/Air       N/A        N/A       3%          2
 Call Canine Familiar     Summ           5%         N/A       10%         3
 Gell's Gravitas          Tloc           2%         N/A       10%         3
 Lesser Beckoning         Tloc           2%         N/A       10%         3
 Portal Projectile        Hex/Tloc       10%        N/A       10%         3
 Teleport Other           Tloc           5%         N/A       10%         3
 Dispel Undead            Necr           5%         3d7       30%         4
 Leda's Liquefaction      Hex/Erth       2%         N/A       30%         4
 Bolt of Magma            Conj/Fire/Erth 4%         4d5       52%         5
 Death Channel            Necr           2%         N/A       99%         6
 Dispersal                Tloc           2%         N/A       99%         6


Dungeon Overview and Level Annotations

Branches:
Dungeon (8/15)             Temple (1/1) D:4
   Lair: D:8-11

Altars:
Ashenzari
Cheibriados
Dithmenos
Elyvilon
Fedhas
Gozag
Makhleb
Qazlal
Ru
Sif Muna
Trog
Uskayaw
Vehumet
Wu Jian
Yredelemnul
The Shining One

Shops:
D:5 [


Innate Abilities, Weirdness & Mutations

You cannot wear most types of armour.
You are amphibious.
You can wear up to eight rings at the same time.
Your skin changes colour to match your surroundings (Stealth+).
Your rubbery body absorbs attacks. (AC +1, EV +1)
((You are camouflaged near water. (Stealth+)))
You have tentacles for arms and can constrict up to eight enemies at once.


Message History

The wight closely misses you.
You hit the wight but do no damage. Lightning courses through the wight!
You destroy the wight!
Your Evocations skill increases to level 2!
You hit the wight. Lightning courses through the wight!!
You destroy the wight!
Your life force feels restored.
The wight is distracted by your dazzling golden aura.
Items here: $ )) [[.
The wight is no longer distracted by gold.
The wight barely misses you.
You closely miss the wight. Your grab misses the wight.
The wight hits you with a +0 war axe!
You hit the wight but do no damage. Lightning courses through the wight!
You grab the wight.
The wight is almost destroyed.
You constrict the wight. The wight hits you with a +0 war axe.
You hit the wight. Lightning courses through the wight!
You destroy the wight!
The wight closely misses you.
Things that are here:
7 gold pieces; a +0 war axe; a +0 robe You hit the wight but do no damage.
You grab the wight.
You constrict the wight, but do no damage.
The wight hits you with a +2 scimitar!
You hit the wight but do no damage.
You constrict the wight, but do no damage.
The wight closely misses you.
You hit the wight but do no damage. You squeeze the wight.
The wight is moderately damaged.
You constrict the wight, but do no damage.
The wight hits you with a +2 scimitar!
* * * LOW HITPOINT WARNING * * *
You feel drained.
* * * LOW HITPOINT WARNING * * *
You feel better.
You constrict the wight, but do no damage.
The wight hits you with a +2 scimitar!
You die...
Your body crumbles into a pile of gold.

##########
#........#############
#.######......z@.$...#
#.# #...#.##########.#
#z# #.##.## # ##z# #
#. ..z# .. ##.# #.y
.......#.y ##.##..#..
#.# ....


You could see a wight.

Vanquished Creatures
  Grinder (D:4)
  A steam dragon (D:7)
  Menkaure (D:5)
  A hornet zombie (D:6)
  2 orc warriors
  3 ice beasts
  2 phantoms
  A kobold brigand (D:7)
  A bullfrog (D:7)
  2 scorpions
  3 wights (D:8)
  2 jellies
  3 hounds
  3 bullfrog skeletons
  A centaur skeleton (D:4)
  2 iguanas
  Ijyb (D:3)
  A scorpion zombie (D:5)
  4 orc wizards
  A hound zombie (D:5)
  8 gnolls
  9 adders
  A shadow imp (D:4)
  A white imp (D:5)
  3 worms
  A dart slug (D:1)
  9 orcs
  9 ball pythons
  5 endoplasms
  2 giant cockroaches (D:3)
  5 goblins
  6 hobgoblins
  3 jackals (D:2)
  6 kobolds
  2 quokkas
  10 bats
  5 frilled lizards
  6 rats
127 creatures vanquished.

Vanquished Creatures (others)
  36 plants (D:5)
36 creatures vanquished.

Grand Total: 163 creatures vanquished

Notes
Turn   | Place    | Note
-------+----------+-------------------------------------------
     0 | D:1      | bearlyready the Octopode Venom Mage began the quest for the
                  | Orb.
     0 | D:1      | Reached XP level 1. HP: 11/11 MP: 3/3
   577 | D:1      | Reached skill level 3 in Stealth
   603 | D:1      | Reached XP level 2. HP: 14/18 MP: 3/5
   773 | D:1      | Found a faded altar of an unknown god.
  1150 | D:1      | Reached XP level 3. HP: 21/22 MP: 6/6
  1157 | D:1      | Reached skill level 1 in Fighting
  1298 | D:1      | Learned a level 2 spell: Poisonous Vapours
  1302 | D:1      | Learned a level 3 spell: Mephitic Cloud
  1719 | D:2      | Reached XP level 4. HP: 26/28 MP: 7/7
  1898 | D:2      | Reached skill level 1 in Conjurations
  2208 | D:3      | Found a white marble altar of Elyvilon.
  2236 | D:3      | Noticed Ijyb
  2262 | D:3      | Killed Ijyb
  2263 | D:3      | Reached skill level 4 in Stealth
  2263 | D:3      | Reached skill level 1 in Air Magic
  2263 | D:3      | Reached XP level 5. HP: 23/33 MP: 9/9
  2722 | D:3      | Reached skill level 1 in Short Blades
  2902 | D:4      | Reached XP level 6. HP: 38/38 MP: 10/10
  2907 | D:4      | Learned a level 4 spell: Olgreb's Toxic Radiance
  3291 | D:4      | Reached skill level 5 in Poison Magic
  3425 | D:4      | Found a staircase to the Ecumenical Temple.
  3444 | Temple   | Entered the Ecumenical Temple
  3826 | D:5      | Entered Level 5 of the Dungeon
  3860 | D:5      | Reached skill level 5 in Stealth
  4004 | D:5      | Reached XP level 7. HP: 20/43 MP: 12/12
  4571 | D:5      | Noticed Menkaure
  4571 | D:5      | Noticed Grinder
  4605 | D:4      | Killed Grinder
  4606 | D:4      | Reached skill level 6 in Stealth
  4748 | D:5      | Killed Menkaure
  4749 | D:5      | Reached XP level 8. HP: 37/48 MP: 14/14
  4874 | D:5      | Found a snail-covered altar of Cheibriados.
  4897 | D:5      | Reached skill level 7 in Stealth
  5078 | D:5      | Found Linlad's Antique Armour Shop.
  5341 | D:6      | Found a sacrificial altar of Ru.
  5914 | D:6      | Reached skill level 8 in Stealth
  5951 | D:6      | Reached skill level 1 in Throwing
  6491 | D:6      | Found a blossoming altar of Fedhas.
  6493 | D:6      | Found an opulent altar of Gozag.
  6506 | D:6      | Became a worshipper of Gozag Ym Sagoz the Greedy
  6647 | D:6      | Reached skill level 5 in Short Blades
  6738 | D:7      | Reached XP level 9. HP: 53/53 MP: 15/15
  6875 | D:7      | Reached skill level 1 in Evocations
  6959 | D:7      | Reached skill level 9 in Stealth
  7090 | D:7      | You fall into a shaft and drop 1 floor!
  7140 | D:8      | Slain by a wight

Illustrated notes

Levels and vault maps discovered:
D:1:      sevenhm_arrival_forest_fort_small_6, layout_rooms,
          hellmonk_ecumenical_altar_crossroads
D:2:      layout_rooms, dk_noncrumbling_4
D:3:      layout_loops_ring, mainiacjoe_overflow_small_starburst, uniq_ijyb
D:4:      layout_loops_ring, minmay_temple_entry_hall
D:5:      layout_rooms, mainiacjoe_overflow_concentric_impassable, serial_shops,
          nicolae_shop_behind_doors, hangedman_decor_growths,
          grunt_ministairs_11, serial_bayou_lagoon_a, minmay_liquid_box,
          kennysheep_generic_room_12, uniq_menkaure, uniq_grinder
D:6:      layout_loops_ring, general_overflow_altar,
          mainiacjoe_overflow_big_doors
D:7:      layout_rooms
D:8:      layout_loops_ring, okawaru_humans, lair_entry_dummy,
          corexii_checkpoint_a
Temple:   bh_familiar_temple

Skill      XL: |  1  2  3  4  5  6  7  8  9 |
---------------+----------------------------+-----
Stealth        | 3 4 5 6 8 9 |  9.2
Poison Magic   | 4 5 6 7 8 |  8.2
Fighting       | 1 |  1.0
Conjurations   | 1 2 |  2.0
Air Magic      | 1 2 |  2.0
Short Blades   | 1 2 3 5 |  5.6
Spellcasting   | 3 4 |  4.0
Throwing       | 2 |  2.1
Evocations     | 2 |  2.2
Dodging        | |  2.0
Transmutations | |  1.0

Action                   |  1- 3 |  4- 6 |  7- 9 || total
-------------------------+-------+-------+-------++-------
Melee: Unarmed           |    79 |       |       ||    79
       Constrict         |    25 |    12 |    20 ||    57
       Tentacles         |     7 |     7 |    15 ||    29
       Dagger            |     2 |    83 |   101 ||   186
 Cast: Sting             |    19 |     5 |    14 ||    38
       Olgreb's Toxic Ra |       |       |    11 ||    11
       Poisonous Vapours |       |       |    11 ||    11
  Use: Potion            |       |       |     1 ||     1
 Stab: Sleeping          |     9 |    20 |     6 ||    35
Armor: Skin              |     9 |     2 |     7 ||    18
Dodge: Dodged            |    71 |    34 |    53 ||   158
